 Dungeon Crawl Stone Soup version 0.21.1-1-g345015f (webtiles) character file.

9542 Fang the Cleaver (level 11, -6/106 HPs)
             Began as a Gargoyle Berserker on June 8, 2018.
             Was a High Priest of Trog.
             Mangled by a ten-headed hydra (11 damage)
             ... on level 1 of the Lair of Beasts.
             The game lasted 00:16:50 (11834 turns).

Fang the Cleaver (Gargoyle Berserker)              Turns: 11834, Time: 00:16:51

Health: -6/106     AC: 12    Str: 30    XL:     11   Next: 48%
Magic:  11/11      EV: 15    Int:  7    God:    Trog [*****.]
Gold:   462        SH:  3    Dex:  9    Spells: 10/10 levels left

rFire    . . .     SeeInvis .   m - +4 war axe
rCold    . . .     Gourm    .   (no shield)
rNeg     + + .     Faith    .   n - +2 robe {rN+}
rPois    ∞         Spirit   .   (no helmet)
rElec    +         Reflect  +   (no cloak)
rCorr    .         Harm     .   (no gloves)
MR       ++...     Rnd*Rage +   (no boots)
Stlth    ..........             t - +3 amulet of reflection
HPRegen  0.27/turn              r - ring of stealth
MPRegen  0.12/turn              b - ring of protection from magic

@: berserking, very quick
A: berserk 1, magic resistance 1, negative energy resistance 1, electricity
resistance, unbreathing, petrification resistance, rot immunity, AC +8
a: Berserk, Trog's Hand, Brothers in Arms, Burn Spellbooks, Renounce Religion


You were on level 1 of the Lair of Beasts.
You worshipped Trog.
Trog was extremely pleased with you.
You were hungry.

You visited 3 branches of the dungeon, and saw 10 of its levels.
You also visited: Sewer and Ossuary.

You collected 462 gold pieces.

Inventory:

Hand Weapons
 a - a +0 hand axe
 m - a +4 war axe (weapon)
Missiles
 w - 15 javelins (quivered)
Armour
 n - a +2 robe of positive energy (worn)
Jewellery
 b - a ring of protection from magic (right hand)
 k - an uncursed amulet of rage
 r - a ring of stealth (left hand)
 t - a +3 amulet of reflection (around neck)
 x - an uncursed ring of poison resistance
Wands
 y - a wand of iceblast (11)
 A - a wand of flame (22)
 D - a wand of polymorph (5)
Scrolls
 e - 3 scrolls of teleportation
 f - 4 scrolls of blinking
 i - 5 scrolls of remove curse
 l - 2 scrolls of fog
 z - a scroll of magic mapping
 B - 2 scrolls of enchant weapon
Potions
 d - 9 potions of curing
 g - 6 potions of agility
 h - 6 potions of might
 j - 8 potions of heal wounds
 o - a potion of brilliance
 p - 6 potions of flight
 q - 2 potions of invisibility
 u - 3 potions of lignification
Books
 v - Sif Muna's Almanac of Fetching Toxins
   (You found it on level 7 of the Dungeon)

   Spells                             Type                      Level
   a - Mephitic Cloud                 Conjuration/Poison/Air       3
   b - Ignite Poison                  Fire/Transmutation/Poison    3
   c - Olgreb's Toxic Radiance        Poison                       4
   d - Discord                        Hexes                        8
   Trog disapproves of the use of such an item.
Comestibles
 c - 14 rations
 C - 6 chunks of flesh


   Skills:
 + Level 9.2 Fighting
 + Level 11.4 Axes
 + Level 5.1 Armour
 + Level 6.7 Dodging
 + Level 5.8 Stealth


You had 10 spell levels left.
You didn't know any spells.

Dungeon Overview and Level Annotations

Branches:
Dungeon (8/15)             Temple (1/1) D:5            Lair (1/6) D:8

Altars:
Ashenzari
Cheibriados
Dithmenos
Elyvilon
Fedhas
Gozag
Hepliaklqana
Kikubaaqudgha
Makhleb
Nemelex Xobeh
Okawaru
Qazlal
Ru
Sif Muna
Trog
Uskayaw
Vehumet
Wu Jian
Xom
Yredelemnul
Zin
The Shining One


Innate Abilities, Weirdness & Mutations

You are resistant to torment.
Your stone body is resilient. (AC +8)
You are immune to poison.
You resist negative energy. (rN+)
You are resistant to electric shocks. (rElec)
You can survive without breathing.
You are immune to petrification.
You are immune to rotting.
You tend to lose your temper in combat.
You are resistant to hostile enchantments. (MR+)


Message History

You block the nine-headed hydra's attack.
The nine-headed hydra misses you.
The nine-headed hydra bites you but does no damage.
The nine-headed hydra bites you! The spiny frog stings you!
You slice one of the nine-headed hydra's heads off!
The eight-headed hydra grows two more!
You slash the ten-headed hydra!
The ten-headed hydra is moderately wounded.
You slash the spiny frog!
The ten-headed hydra bites you but does no damage.
The ten-headed hydra bites you!
* * * LOW HITPOINT WARNING * * *
The ten-headed hydra misses you. The ten-headed hydra bites you!
* * * LOW HITPOINT WARNING * * *
The ten-headed hydra bites you.
* * * LOW HITPOINT WARNING * * *
The ten-headed hydra bites you.
* * * LOW HITPOINT WARNING * * *
The ten-headed hydra closely misses you. x2
The ten-headed hydra misses you. The ten-headed hydra bites you!
You die...

#.....#
#.....#
#.....#
#.....#
#.....#
#.....##
#....FD#
#.....@#
#......#
#......#
#......#
#......#
#.....##
#.....#
#.....#
#.....#


You could see a ten-headed hydra and a spiny frog.

Vanquished Creatures
  2 two-headed ogres (D:8)
  Pikel (D:5)
  An elephant (D:8)
  A spiny frog (Lair:1)
  Grinder (D:5)
  A hippogriff (D:8)
  5 yaks
  A human (D:7)
  3 hogs (D:7)
  A hungry ghost (D:7)
  A basilisk (D:8)
  The ghost of Cidec the Chopper, an amateur DsGl of Wu Jian (D:3)
  2 orc warriors
  3 sky beasts
  An ice beast (D:6)
  3 necrophages (D:7)
  4 ogres
  A black bear (D:7)
  A slave (D:5)
  3 phantoms
  2 centaurs
  A crocodile (D:8)
  5 big kobolds (Sewer)
  4 bullfrogs
  A water moccasin zombie (D:7)
  14 scorpions
  5 wights (D:7)
  A crimson imp (D:8)
  7 hounds
  3 jellies
  A bullfrog zombie (D:7)
  7 centaur zombies
  12 orc wizards
  8 orc priests
  A bullfrog skeleton (D:4)
  2 human zombies (Ossuary)
  6 worker ants
  2 iguanas
  A big kobold zombie (Ossuary)
  A hound skeleton (D:8)
  A hound zombie (D:8)
  3 mummies (Ossuary)
  2 worker ant zombies (D:7)
  7 scorpion zombies (Ossuary)
  8 adders
  10 gnolls
  3 shadow imps
  An ooze (D:1)
  An adder zombie (D:6)
  An adder skeleton (D:6)
  A worm (D:4)
  4 dart slugs
  2 leopard geckos (D:3)
  43 orcs
  4 ball pythons
  8 giant cockroaches
  A gnoll zombie (Ossuary)
  4 hobgoblins
  7 jackals
  4 quokkas
  8 bats
  6 frilled lizards
  8 goblins
  4 hobgoblin zombies (Ossuary)
  A jackal zombie (D:7)
  19 kobolds
  2 kobold zombies (Ossuary)
  A leopard gecko skeleton (D:5)
  11 rats
  2 bushes (D:7)
298 creatures vanquished.

Vanquished Creatures (others)
  An orc wizard (D:8)
  2 bushes (D:7)
  4 plants (D:7)
7 creatures vanquished.

Grand Total: 305 creatures vanquished

Notes
Turn   | Place    | Note
-------+----------+-------------------------------------------
     0 | D:1      | Fang the Gargoyle Berserker began the quest for the Orb.
     0 | D:1      | Reached XP level 1. HP: 14/14 MP: 1/1
    30 | D:1      | Reached XP level 2. HP: 18/19 MP: 2/2
   174 | D:1      | Reached skill level 3 in Axes
   317 | D:1      | You fall through a shaft!
   326 | D:2      | Reached XP level 3. HP: 13/24 MP: 3/3
   560 | D:2      | Noticed a phantom
   575 | D:2      | Reached ** piety under Trog
  1482 | D:2      | Found a stormy altar of Qazlal.
  1543 | D:2      | Noticed a water elemental
  1546 | D:2      | Noticed an earth elemental
  1546 | D:2      | Noticed an air elemental
  1546 | D:2      | Noticed a fire elemental
  2286 | D:1      | Reached XP level 4. HP: 29/29 MP: 4/4
  2383 | D:1      | Killed a phantom
  2383 | D:1      | Reached skill level 4 in Axes
  2383 | D:1      | Reached XP level 5. HP: 24/33 MP: 5/5
  2487 | D:3      | Noticed Cidec's ghost (amateur DsGl)
  2504 | D:3      | Killed Cidec's ghost
  2504 | D:3      | Reached XP level 6. HP: 37/39 MP: 6/6
  2710 | D:3      | Found a glowing drain.
  2714 | Sewer    | Entered a sewer
  2836 | Sewer    | Reached skill level 5 in Axes
  2836 | Sewer    | Reached XP level 7. HP: 37/44 MP: 7/7
  3367 | D:3      | Found an ancient bone altar of Kikubaaqudgha.
  3394 | D:3      | Reached *** piety under Trog
  3693 | D:4      | Reached skill level 5 in Fighting
  3693 | D:4      | Reached skill level 1 in Stealth
  3817 | D:4      | Reached XP level 8. HP: 21/49 MP: 8/8
  3971 | D:4      | Reached skill level 6 in Axes
  4034 | D:4      | Found a sand-covered staircase.
  4142 | Ossuary  | Entered an ossuary
  4317 | Ossuary  | Reached **** piety under Trog
  4822 | Ossuary  | Reached skill level 7 in Axes
  4827 | Ossuary  | Reached XP level 9. HP: 9/55 MP: 9/9
  5140 | Ossuary  | Reached skill level 5 in Armour
  5440 | D:4      | Reached ***** piety under Trog
  5460 | D:5      | Entered Level 5 of the Dungeon
  6141 | D:5      | Noticed Pikel
  6157 | D:5      | Killed Pikel
  6157 | D:5      | Reached skill level 8 in Axes
  6157 | D:5      | Reached skill level 5 in Dodging
  6296 | D:5      | Noticed Grinder
  6333 | D:5      | Killed Grinder
  6566 | D:5      | Found a white marble altar of Elyvilon.
  6567 | D:5      | Found a sacrificial altar of Ru.
  6924 | D:5      | Found a staircase to the Ecumenical Temple.
  7005 | D:5      | Found a burning altar of Makhleb.
  7346 | Temple   | Entered the Ecumenical Temple
  7548 | D:6      | Found a radiant altar of Vehumet.
  7605 | D:6      | Reached skill level 9 in Axes
  7605 | D:6      | Reached XP level 10. HP: 39/63 MP: 10/10
  7793 | D:6      | Found a sparkling altar of Nemelex Xobeh.
  8479 | D:6      | Gained mutation: You tend to lose your temper in combat. [potion of mutation]
  8479 | D:6      | Gained mutation: You are resistant to hostile enchantments. (MR+) [potion of mutation]
  8945 | D:7      | Received a gift from Trog
  9436 | D:7      | Reached skill level 10 in Axes
  9825 | D:7      | Identified Sif Muna's Almanac of Fetching Toxins
 10189 | D:7      | Found a blossoming altar of Fedhas.
 10260 | D:7      | Reached skill level 5 in Stealth
 10376 | D:8      | Found a staircase to the Lair.
 10376 | D:8      | Noticed an elephant
 10395 | D:8      | Killed an elephant
 10399 | D:8      | Reached XP level 11. HP: 53/69 MP: 11/11
 10755 | D:8      | Noticed a two-headed ogre
 10773 | D:8      | Killed a two-headed ogre
 10773 | D:8      | Reached skill level 11 in Axes
 11068 | D:8      | Received a gift from Trog
 11071 | D:8      | Noticed a two-headed ogre
 11081 | D:8      | Killed a two-headed ogre
 11677 | Lair:1   | Entered Level 1 of the Lair of Beasts
 11784 | Lair:1   | Received a gift from Trog
 11817 | Lair:1   | Noticed a four-headed hydra
 11834 | Lair:1   | HP: 5/106 [ten-headed hydra (4)]
 11834 | Lair:1   | Mangled by a ten-headed hydra

Skill      XL: |  1  2  3  4  5  6  7  8  9 10 11 |
---------------+----------------------------------+-----
Axes           | 3 4 5 7 9 10 11 | 11.4
Fighting       | 4 5 6 7 8 9 |  9.2
Dodging        | 2 3 4 5 6 |  6.7
Armour         | 3 4 5 |  5.1
Stealth        | 1 3 5 |  5.8

Action                   |  1- 3 |  4- 6 |  7- 9 | 10-12 || total
-------------------------+-------+-------+-------+-------++-------
Melee: Hand axe          |   148 |   129 |   636 |   134 ||  1047
       War axe           |       |       |       |   246 ||   246
Invok: Berserk           |     1 |     2 |     9 |    11 ||    23
  Use: Scroll            |       |     7 |     9 |     8 ||    24
       Potion            |       |       |       |     1 ||     1
 Stab: Sleeping          |       |       |    10 |    12 ||    22
       Distracted        |       |       |       |     1 ||     1
  Eat: Chunk             |     1 |     4 |    16 |    20 ||    41
       Ration            |     1 |       |     2 |     2 ||     5
Armor: Animal skin       |    53 |       |    72 |    27 ||   152
       Ring mail         |     9 |    67 |   210 |       ||   286
       Robe              |       |       |       |    86 ||    86
Dodge: Dodged            |   128 |    94 |   434 |   200 ||   856
Block: Other             |       |       |       |    44 ||    44
       Reflection        |       |       |       |     1 ||     1
